 Dungeon Crawl Stone Soup version 0.23-a0-641-g0a7f1ce553 (webtiles) character file.

10931 HereIgoKillingAgain the Archer (level 11, -16/82 HPs)
             Began as a Hill Orc Fighter on Dec 30, 2018.
             Was a Priest of Makhleb.
             Killed from afar by a fire dragon (47 damage)
             ... with a blast of flame
             ... on level 13 of the Dungeon.
             The game lasted 00:09:38 (10377 turns).

HereIgoKillingAgain the Archer (Hill Orc Fighter)  Turns: 10377, Time: 00:09:39

Health: -16/82     AC: 14    Str: 25    XL:     11   Next: 69%
Magic:  2/2        EV:  8    Int: 15    God:    Makhleb [***...]
Gold:   763        SH:  2    Dex: 10    Spells: 10/10 levels left

rFire    . . .     SeeInvis .   b - +11 shortbow of Collusion {velocity, +Inv rN+ MP-9 Int+4}
rCold    . . .     Gourm    .   (shield currently unavailable)
rNeg     + . .     Faith    .   g - +0 chain mail
rPois    +         Spirit   .   (no helmet)
rElec    .         Reflect  +   t - +2 cloak {rPois}
rCorr    .         Harm     .   K - +0 pair of gloves (curse)
MR       .....                  (no boots)
Stlth    ..........             q - +2 amulet of reflection
HPRegen  0.23/turn              u - +1 ring of protection
MPRegen  0.08/turn              (no ring)

@: mighty, slowed, very slow
A: no striking features
a: Minor Destruction, Lesser Servant of Makhleb, Renounce Religion, Evoke
Invisibility


You were on level 13 of the Dungeon.
You worshipped Makhleb.
Makhleb was most pleased with you.
You were not hungry.

You visited 2 branches of the dungeon, and saw 12 of its levels.
You also visited: Ossuary.

You collected 853 gold pieces.
You spent 90 gold pieces at shops.

Inventory:

Hand Weapons
 a - a +0 war axe
 b - the +11 shortbow of Collusion (weapon) {velocity, +Inv rN+ MP-9 Int+4}
   (You found it on level 5 of the Dungeon)

   Any arrow fired from it inflicts extra damage.
   It affects your intelligence (+4).
   It protects you from negative energy.
   It affects your magic capacity (-9).
   It lets you turn invisible.
Missiles
 x - 165 arrows (quivered)
Armour
 g - a +0 chain mail (worn)
 t - a +2 cloak of poison resistance (worn)
 K - a cursed +0 pair of gloves (worn)
Jewellery
 q - a +2 amulet of reflection (around neck)
 u - a +1 ring of protection (left hand)
 E - a cursed ring of teleportation {unknown}
 G - an uncursed ring of protection from cold {unknown}
Wands
 v - a wand of iceblast (11)
 y - a wand of paralysis (11)
 A - a wand of flame (32)
 F - a wand of digging (8)
Scrolls
 c - a scroll of random uselessness {unknown}
 e - 3 scrolls of remove curse {unknown}
 h - 3 scrolls of magic mapping {unknown}
 i - 2 scrolls of enchant armour {unknown}
 j - a scroll of fear {unknown}
 k - 3 scrolls of teleportation
 l - 6 scrolls of identify
 r - 2 scrolls of amnesia {unknown}
 B - a scroll of enchant weapon {unknown}
 I - a scroll of acquirement {unknown}
 J - 2 scrolls of vulnerability {unknown}
 L - a scroll of immolation {unknown}
Potions
 d - 3 potions of might
 m - 2 potions of lignification
 n - a potion of heal wounds
 o - a potion of magic
 p - 2 potions of haste {unknown}
 s - a potion of invisibility {unknown}
 w - 6 potions of curing
 z - a potion of resistance {unknown}
 C - 5 potions of berserk rage {unknown}
 D - a potion of mutation {unknown}
 H - a potion of flight {unknown}
Comestibles
 f - 21 rations


   Skills:
 - Level 3.6 Fighting
 - Level 10.8 Axes
 * Level 14.2 Bows
 - Level 3.2 Armour
   Level 3.2 Shields


You had 10 spell levels left.
You didn't know any spells.
Your spell library contained the following spells:

 Spells                   Type           Power        Failure   Level  Hunger
 Confusing Touch          Hex            #.....       88%         1    ##.....
 Shock                    Conj/Air       #...         88%         1    ##.....
 Swiftness                Chrm/Air       #.......     95%         2    ###....
 Confuse                  Hex            #.......     99%         3    ####...
 Gell's Gravitas          Tloc           #.........   99%         3    ####...
 Static Discharge         Conj/Air       #.......     99%         3    ####...
 Airstrike                Air            #.........   100%        4    #####..
 Petrify                  Tmut/Erth      #.......     100%        4    #####..
 Lightning Bolt           Conj/Air       #.........   100%        5    ######.
 Metabolic Englaciation   Hex/Ice        #.........   100%        5    ######.
 Yara's Violent Unravell  Hex/Tmut       #.........   100%        5    ######.


Dungeon Overview and Level Annotations

Branches:
Dungeon (13/15)            Temple (1/1) D:7            Lair (0/6) D:8
    Orc: D:9-12      Vaults: D:13-14

Altars:
Ashenzari
Cheibriados
Dithmenos
Elyvilon
Fedhas
Gozag
Hepliaklqana
Kikubaaqudgha
Makhleb
Nemelex Xobeh
Okawaru
Qazlal
Ru
Sif Muna
Trog
Uskayaw
Vehumet
Wu Jian
Xom
Yredelemnul
Zin
Beogh

Shops:
D:6 *


Message History

Press: ? - help, Shift-Dir - straight line, p - fire dragon
Okay, then.
Evoke which item? (* to show all) (? for menu, Esc to quit)
Okay, then.
Unknown command.
You feel very mighty all of a sudden. Something hits you.
Something drains your vigour!
You feel as though you will be slow longer.
Okay, then.
As you read the scroll of identify, it crumbles to dust.
m - 2 potions of lignification Something hits you!
Something drains your vigour!
You feel as though you will be slow longer.
Something hits you!
As you read the scroll of identify, it crumbles to dust.
o - a potion of magic The fire dragon breathes flames at you.
The blast of flame hits something.
The blast of flame hits you!
Ouch! That really hurt!
You die...

#.......# ##.##
#.#####.####### ##)#
#.............###..#
#.#####...##.....)##
#.........)####.#
#..#######.# #.#
#..# #.# #.# #..#
#.# #.# #.@# #.# #.#
#..{D(...#.# #.#
##########.# #.# ..#
#..


You could see a fire dragon.

Vanquished Creatures
  2 two-headed ogres (D:8)
  A wizard (D:13)
  An ugly thing (D:8)
  A centaur zombie (D:12)
  Joseph (D:7)
  A gargoyle (D:13)
  A troll (D:8)
  A hippogriff (D:8)
  A wraith (D:12)
  9 yaks
  4 vampire mosquitoes (D:12)
  2 steam dragons
  A water moccasin (D:7)
  3 sky beasts
  2 ice beasts
  7 orc warriors
  A black bear (D:9)
  3 necrophages
  3 wolves (D:8)
  4 ogres
  2 elf zombies (Ossuary)
  6 centaurs
  2 big kobolds (D:8)
  7 bullfrogs
  A scorpion (D:9)
  3 wights (D:13)
  A howler monkey (D:5)
  3 electric eels (D:8)
  2 bullfrog zombies (D:12)
  A crimson imp (D:5)
  3 centaur skeletons
  2 jellies
  8 orc wizards
  7 orc priests
  A quasit (D:7)
  3 bullfrog skeletons
  11 hounds
  3 iguanas
  3 worker ants
  A killer bee zombie (D:8)
  A big kobold zombie (Ossuary)
  A hound zombie (D:9)
  4 mummies (Ossuary)
  10 adders
  A howler monkey skeleton (D:4)
  A shadow imp (D:8)
  An ooze (D:4)
  An adder skeleton (D:7)
  An adder zombie (Ossuary)
  2 worms
  A dart slug (D:3)
  5 leopard geckos
  47 orcs
  7 bats
  3 giant cockroaches
  9 goblins
  7 hobgoblins
  6 jackals
  9 kobolds
  3 quokkas
  3 ball pythons
  6 frilled lizards
  2 gnoll zombies (Ossuary)
  A goblin zombie (D:6)
  2 hobgoblin zombies (Ossuary)
  A jackal skeleton (D:4)
  A jackal zombie (D:8)
  A kobold zombie (Ossuary)
  A quokka skeleton (D:4)
  7 rats
  3 rat zombies (Ossuary)
267 creatures vanquished.

Notes
Turn   | Place    | Note
-------+----------+-------------------------------------------
     0 | D:1      | HereIgoKillingAgain the Hill Orc Fighter began the quest
                  | for the Orb.
     0 | D:1      | Reached XP level 1. HP: 19/19 MP: 1/1
   184 | D:1      | Reached XP level 2. HP: 21/26 MP: 2/2
   671 | D:2      | Reached XP level 3. HP: 31/31 MP: 3/3
   819 | D:2      | Reached skill level 5 in Axes
  1183 | D:2      | Reached XP level 4. HP: 31/39 MP: 4/4
  1485 | D:3      | Noticed an ogre
  1724 | D:3      | Noticed a bullfrog
  1724 | D:3      | You fall through a shaft!
  2041 | D:4      | Reached XP level 5. HP: 21/45 MP: 5/5
  2367 | D:4      | Reached XP level 6. HP: 28/51 MP: 6/6
  2929 | D:3      | Found a snail-covered altar of Cheibriados.
  2982 | D:3      | Found Zin's Purification Station.
  2995 | D:3      | Reached XP level 7. HP: 53/57 MP: 7/7
  2998 | D:3      | Found a glowing silver altar of Zin.
  3048 | D:3      | Bought a potion of curing for 90 gold pieces
  3185 | D:3      | Found a faded altar of an unknown god.
  3338 | D:3      | Reached skill level 10 in Axes
  3754 | D:4      | Found a sparkling altar of Nemelex Xobeh.
  4041 | D:5      | Entered Level 5 of the Dungeon
  4186 | D:5      | Got a pitted shortbow
  4187 | D:5      | Identified the +11 shortbow of Collusion {velocity, +Inv
                  | rN+ MP-9 Int+4} (You found it on level 5 of the Dungeon)
  4224 | D:5      | Found a shadowy altar of Dithmenos.
  4515 | D:5      | Reached skill level 1 in Bows
  4756 | D:6      | Reached skill level 2 in Bows
  4758 | D:6      | Reached XP level 8. HP: 64/64 MP: 0/8
  4763 | D:6      | Reached skill level 3 in Bows
  4896 | D:6      | Found a sand-covered staircase.
  4927 | Ossuary  | Entered an ossuary
  4953 | Ossuary  | Reached skill level 4 in Bows
  5377 | D:6      | Reached skill level 5 in Bows
  5666 | D:6      | Found Oderph's Lightly-Used Armoury.
  5728 | D:6      | Reached skill level 6 in Bows
  6143 | D:7      | Reached XP level 9. HP: 70/70 MP: 0/9
  6173 | D:7      | Reached skill level 7 in Bows
  6335 | D:7      | Reached skill level 8 in Bows
  6453 | D:7      | Noticed Joseph
  6458 | D:7      | Killed Joseph
  6458 | D:7      | Reached skill level 9 in Bows
  6603 | D:7      | Found a staircase to the Ecumenical Temple.
  7041 | Temple   | Entered the Ecumenical Temple
  7186 | Temple   | Became a worshipper of Makhleb the Destroyer
  7575 | D:8      | Noticed a two-headed ogre
  7580 | D:8      | Killed a two-headed ogre
  7580 | D:8      | Reached skill level 10 in Bows
  7580 | D:8      | Reached XP level 10. HP: 76/76 MP: 1/10
  7876 | D:8      | Reached skill level 11 in Bows
  7982 | D:8      | Found a staircase to the Lair.
  8116 | D:8      | Reached * piety under Makhleb
  8281 | D:8      | Noticed a two-headed ogre
  8287 | D:8      | Killed a two-headed ogre
  8342 | D:8      | Reached skill level 12 in Bows
  8365 | D:8      | Noticed a white ugly thing
  8373 | D:8      | Killed a white ugly thing
  8787 | D:8      | Found a shimmering altar of Xom.
  8979 | D:8      | Found an iron altar of Okawaru.
  9288 | D:9      | Reached XP level 11. HP: 62/82 MP: 2/11
  9400 | D:9      | You fall through a shaft for 3 floors!
  9447 | D:12     | Reached skill level 13 in Bows
  9475 | D:12     | Reached ** piety under Makhleb
  9840 | D:12     | Reached *** piety under Makhleb
  9845 | D:12     | Found a roughly hewn altar of Beogh.
  9971 | D:12     | Reached skill level 14 in Bows
 10368 | D:13     | Noticed a wizard
 10368 | D:13     | Noticed a fire dragon
 10371 | D:13     | Killed a wizard
 10377 | D:13     | Killed from afar by a fire dragon

Vault maps used:
D:1:      lemuel_arrival_room
D:2:      hangedman_abyss_or_decor_stabs, minmay_misc_feat_secret_circle
D:3:      kennysheep_slug_shrine, zin_purify, first_ration,
          chequers_ecumenical_altar_island
D:4:      nemelex_spade_bored_becter
D:5:      nicolae_dithmenos_shadow_blocks
D:6:      enter_ossuary_3, minmay_shop_damaged, minmay_small_thing
D:7:      minmay_temple_entry_stoned_glass, uniq_joseph
D:8:      statuecave_lemuel, kennysheep_okawaru_gauntlet,
          nicolae_overflow_crystal_walls, erik_lair_island, blue_anna_alchemist,
          kb_rosetta
D:9:      nicolae_overflow_hidden_temple
D:12:     special_room
D:13:     david_vaults_4, uniq_erolcha, uniq_nessos
Temple:   eino_temple_scatter_basement
Ossuary:  ossuary_minmay_tomb_2a

Skill      XL: |  1  2  3  4  5  6  7  8  9 10 11 |
---------------+----------------------------------+-----
Axes           | 3 4 5 6 8 9 10 | 10.8
Bows           | 2 6 10 12 14 | 14.2
Fighting       | |  3.6
Armour         | |  3.2
Shields        | |  3.2

Action                   |  1- 3 |  4- 6 |  7- 9 | 10-12 || total
-------------------------+-------+-------+-------+-------++-------
Melee: War axe           |    83 |   143 |   115 |    34 ||   375
 Fire: Shortbow          |       |       |   143 |   302 ||   445
  Use: Potion            |       |     3 |     1 |     4 ||     8
       Scroll            |       |       |       |     4 ||     4
  Eat: Chunk             |       |     3 |     4 |     4 ||    11
       Ration            |       |     1 |     3 |     2 ||     6
Armor: Scale mail        |    27 |    67 |       |       ||    94
       Chain mail        |       |     8 |    98 |    71 ||   177
Dodge: Dodged            |    27 |    70 |    42 |    46 ||   185
Block: Shield            |    45 |       |       |       ||    45
       Other             |       |       |     3 |    11 ||    14

Table legend:
 A = Non-vault XP
 B = Vault XP
 C = Vault XP percentage of total XP
 D = Non-vault monster count
 E = Vault monster count
 F = Vault count percentage of total count
                 A         B        C        D         E       F
            +---------+---------+-------+---------+---------+-------
      Total |   10627 |    4989 |  31.9 |     203 |      64 |  24.0
            +---------+---------+-------+---------+---------+-------
        D:1 |      30 |       0 |   0.0 |      20 |       0 |   0.0
        D:2 |      75 |       0 |   0.0 |      16 |       0 |   0.0
        D:3 |     266 |       4 |   1.5 |      21 |       1 |   4.5
        D:4 |     470 |       0 |   0.0 |      25 |       0 |   0.0
        D:5 |     281 |       0 |   0.0 |       6 |       0 |   0.0
        D:6 |     798 |     107 |  11.8 |      20 |       3 |  13.0
        D:7 |    1123 |     445 |  28.4 |      23 |       1 |   4.2
        D:8 |    2213 |    2759 |  55.5 |      35 |      15 |  30.0
        D:9 |     572 |       0 |   0.0 |       7 |       0 |   0.0
       D:12 |    4207 |     706 |  14.4 |      26 |      27 |  50.9
       D:13 |     592 |     661 |  52.8 |       4 |       1 |  20.0
    Ossuary |       0 |     307 | 100.0 |       0 |      16 | 100.0
            +---------+---------+-------+---------+---------+-------
